 Dungeon Crawl Stone Soup version 0.29-a0-551-gffc1d7fb78 (webtiles) character file.

Game seed: 1568459935930077790

128 happo123 the Sneak (level 5, -1/29 HPs)
             Began as a Kobold Enchanter on June 5, 2022.
             Slain by a worm (2 damage)
             ... on level 3 of the Dungeon.
             The game lasted 00:07:56 (2572 turns).

happo123 the Sneak (Kobold Enchanter)               Turns: 2572, Time: 00:07:57

Health: -1/29      AC:  9    Str:  6    XL:     5   Next: 33%
Magic:  0/9        EV: 15    Int: 18    God:
Gold:   147        SH:  0    Dex: 15    Spells: 4/9 levels left

rFire   . . .      SeeInvis .   q - +2 short sword (protect)
rCold   + . .      Faith    .   (no shield)
rNeg    . . .      Spirit   .   b - +0 robe
rPois   .          Reflect  .   (no helmet)
rElec   .          Harm     .   (no cloak)
rCorr   .          Rampage  .   (no gloves)
Will    .....                   (no boots)
Stlth   ++++......              o - amulet of the acrobat
HPRegen 0.09/turn               r - ring of flight
MPRegen 0.11/turn               t - ring of protection from cold

@: under a protective aura, flying
A: small, no large weapons, nightstalker 3
a: no special abilities


You were on level 3 of the Dungeon.
You visited 1 branch of the dungeon, and saw 3 of its levels.

You collected 147 gold pieces.

Inventory:

Hand Weapons
 a - a +1 dagger
 q - a +2 short sword of protection (weapon)
Armour
 b - a +0 robe (worn)
Jewellery
 o - an amulet of the acrobat (around neck)
 r - a ring of flight (left hand)
 t - a ring of protection from cold (right hand)
Wands
 w - a wand of polymorph (9)
Scrolls
 e - 2 scrolls of blinking {unknown}
 g - 3 scrolls of vulnerability {unknown}
 k - a scroll of poison {unknown}
 m - a scroll of fog {unknown}
 n - a scroll of identify {unknown}
 s - a scroll of magic mapping {unknown}
 v - a scroll of teleportation {unknown}
 y - a scroll of amnesia {unknown}
Potions
 c - 3 potions of invisibility
 d - 5 potions of curing {unknown}
 f - a potion of degeneration {unknown}
 h - a potion of magic {unknown}
 i - 2 potions of flight {unknown}
 j - 2 potions of lignification {unknown}
 l - 3 potions of might {unknown}
 p - a potion of haste {unknown}
 u - 2 potions of mutation {unknown}
 x - a potion of heal wounds {unknown}


   Skills:
 + Level 1.6 Fighting
 + Level 2.6 Short Blades
 + Level 3.0 Dodging
 + Level 4.7 Stealth
 + Level 2.8 Spellcasting
 * Level 4.0 Hexes


You had 4 spell levels left.
You knew the following spells:

 Your Spells              Type           Power      Damage    Failure   Level
a - Ensorcelled Hibernat  Hex/Ice        18%        N/A       11%         2
b - Confusing Touch       Hex            17%        N/A       10%         3

Your spell library contained the following spells:

 Spells                   Type           Power      Damage    Failure   Level
 Tukima's Dance           Hex            17%        N/A       10%         3
 Dazzling Flash           Conj/Hex       18%        N/A       22%         3


Dungeon Overview and Level Annotations

Branches:
Dungeon (3/15)

Altars:
Okawaru

Shops:
D:3 *[*[[

Annotations:
D:3 2 runed translucent doors


Innate Abilities, Weirdness & Mutations

You are small and have problems with some larger weapons.
You are completely attuned to the shadows.


Message History

The worm misses you.
Aiming: Ensorcelled Hibernation (safe; 11% risk of failure)
Press: ? - help, Q - select action, (/) - cycle Shift-Dir - straight line, f/p - worm
Aim: a worm (lightly wounded, chance to affect: 51%)
The worm resists with some effort.
Aiming: Ensorcelled Hibernation (safe; 11% risk of failure)
Press: ? - help, Q - select action, (/) - cycle Shift-Dir - straight line, f/p - worm
Aim: a worm (lightly wounded, chance to affect: 51%)
You miscast Ensorcelled Hibernation.
You are very lightly contaminated with residual magic.
Nothing appears to happen.
The worm bites you!
You hit the worm.
Your weapon exudes an aura of protection.
The worm is lightly wounded.
You hit the worm.
The worm is heavily wounded.
The worm bites you but does no damage.
You hit the worm but do no damage.
The worm is heavily wounded.
The worm bites you!
You hit the worm.
The worm is severely wounded.
You hit the worm.
The worm is almost dead.
The worm bites you.
* * * LOW HITPOINT WARNING * * *
Aiming: Ensorcelled Hibernation (safe; 11% risk of failure)
Press: ? - help, Q - select action, (/) - cycle Shift-Dir - straight line, f/p - worm
Aim: a worm (severely wounded, chance to affect: 51%)
The worm resists with some effort.
You hit the worm.
The worm is almost dead.
The worm bites you!
* * * LOW HITPOINT WARNING * * *
Your magical contamination has completely faded away.
You hit the worm.
The worm is almost dead.
The worm bites you.
You die...

#....# #
##########....# #
.....)........# #
##...#####....## #
#...# #.....# #
###...#########.#####
.....+
....................
.....#
##...#########.#####
.....# #.@.# #..# #
.....####w..# ##.## #
............# #..# #
.....####.### ##.# #
......# #.# ####.###
......###.# #.......
..........## #.......
#####.#....# #.......
#.###..# #.......


You could see a worm.

Vanquished Creatures
  Natasha (twice) (D:3)
  4 adders
  2 dart slugs
  A giant cockroach (D:3)
  3 goblins
  5 hobgoblins
  5 jackals (D:3)
  4 kobolds
  3 quokkas
  4 ball pythons
  7 bats
  2 frilled lizards (D:1)
  3 rats
45 creatures vanquished.

Notes
Turn   | Place    | Note
-------+----------+-------------------------------------------
     0 | D:1      | happo123 the Kobold Enchanter began the quest for the Orb.
     0 | D:1      | Reached XP level 1. HP: 10/10 MP: 3/3
   234 | D:1      | Reached XP level 2. HP: 15/15 MP: 5/5
   636 | D:2      | Learned a level 2 spell: Ensorcelled Hibernation
   749 | D:2      | Reached XP level 3. HP: 20/20 MP: 6/6
   753 | D:2      | Learned a level 3 spell: Confusing Touch
  1335 | D:2      | Reached skill level 1 in Fighting
  1678 | D:3      | Found a large runed translucent door.
  1678 | D:3      | Found a large runed translucent door.
  1710 | D:3      | Found Ephampis's Antique Armour Boutique.
  1723 | D:3      | Reached XP level 4. HP: 20/25 MP: 7/7
  1854 | D:3      | Found Waqichy's Antique Armour Shoppe.
  1995 | D:3      | Found an iron altar of Okawaru.
  2005 | D:3      | Identified the +10 spear "Maox" {antimagic, Int+4 SInv}
  2046 | D:3      | Found Douhepo's Assorted Antiques.
  2053 | D:3      | Found Etsy's Antique Armour Shoppe.
  2163 | D:3      | Found Ciokemapp's General Store.
  2317 | D:3      | Noticed Natasha
  2324 | D:3      | Killed Natasha
  2325 | D:3      | Reached XP level 5. HP: 29/29 MP: 4/9
  2467 | D:3      | Noticed Natasha
  2480 | D:3      | Killed Natasha
  2571 | D:3      | HP: 1/29 [worm (8)]
  2572 | D:3      | Slain by a worm

Illustrated notes

Levels and vault maps discovered:
D:1:      lightli_arrival_statue_moat, layout_rooms
D:2:      layout_basic
D:3:      layout_basic, okawaru_ov_weapons_minmay, serial_shops, shop,
          nicolae_square_shop, shop, shop, shop, ebering_ghost_disaster_area,
          uniq_natasha

Skill      XL: |  1  2  3  4  5 |
---------------+----------------+-----
Short Blades   | 2 |  2.6
Fighting       | 1 |  1.6
Dodging        | 3 |  3.0
Hexes          | 4 |  4.0
Stealth        | |  4.7
Spellcasting   | |  2.8

Action                   |  1- 3 |  4- 6 || total
-------------------------+-------+-------++-------
Melee: Dagger            |    53 |       ||    53
       Short sword       |     7 |    50 ||    57
 Cast: Ensorcelled Hiber |     6 |    12 ||    18
       Confusing Touch   |       |     2 ||     2
 Stab: Sleeping          |    19 |     8 ||    27
       Distracted        |     1 |     1 ||     2
       Confused          |       |     2 ||     2
Armor: Robe              |     8 |    15 ||    23
Dodge: Dodged            |    49 |    60 ||   109

Table legend: (Time is in decaauts)
 A = Elapsed time spent in this place.
 B = Non-inter-level travel time spent in this place.
 C = Inter-level travel time spent in this place.
 D = Time resting spent in this place.
 E = Time spent auto-exploring this place.
 F = Levels seen in this place.
 G = Mean time per level.
                   A        B        C        D        E       F      G
               +--------+--------+--------+--------+--------+-----+--------+
         Total |   2567 |   2379 |    188 |    271 |   1708 |   3 |  855.7 |
       Dungeon |   2567 |   2379 |    188 |    271 |   1708 |   3 |  855.7 |
               +--------+--------+--------+--------+--------+-----+--------+

Top non-repeatable levels by time:
     D:3: 902 daAuts
     D:1: 883 daAuts
     D:2: 782 daAuts
